 Dungeon Crawl Stone Soup version 0.21-a0-442-g848f44b (webtiles) character file.

18 slep the Ducker (level 2, 0/16 HPs)
             Began as a Spriggan Wanderer on Nov 16, 2017.
             Slain by a jackal (1 damage)
             ... on level 1 of the Dungeon.
             The game lasted 00:02:49 (319 turns).

slep the Ducker (Spriggan Wanderer)                  Turns: 319, Time: 00:02:49

Health: 0/16       AC:  3    Str:  9    XL:     2   Next: 48%
Magic:  4/4        EV: 20    Int: 10    God:
Gold:   0          SH:  0    Dex: 17    Spells: 1/1 levels left

rFire    . . .     SeeInvis +   m - +1 dagger (holy)
rCold    . . .     Gourm    .   (shield restricted)
rNeg     . . .     Faith    .   e - +0 robe
rPois    .         Spirit   .   (helmet restricted)
rElec    .         Reflect  .   j - +0 cloak
rCorr    .         Harm     .   (gloves unavailable)
MR       .....                  (boots unavailable)
Stlth    ++........             (no amulet)
HPRegen  0.05/turn              (no ring)
MPRegen  0.09/turn              (no ring)

@: very quick
A: unfitting armour, see invisible, herbivore 3, speed 3, slow metabolism 2
a: no special abilities


You were on level 1 of the Dungeon.
You were not hungry.

You visited 1 branch of the dungeon, and saw 1 of its levels.

Inventory:

Hand Weapons
 a - a +2 shortbow
 m - a +1 dagger of holy wrath (weapon)
Missiles
 b - 25 arrows
Armour
 e - a +0 robe (worn)
 j - a +0 cloak (worn)
Scrolls
 g - a scroll of enchant weapon {unknown}
 n - 2 scrolls of identify {unknown}
Potions
 c - 2 potions of curing
 d - a potion of lignification
 h - a potion of degeneration {unknown}
 k - a potion of agility {unknown}
 l - a potion of cancellation {unknown}
 o - a potion of haste {unknown}
Comestibles
 f - a bread ration
 i - 4 fruits


   Skills:
 + Level 2.7 Fighting
 + Level 3.0 Bows
 + Level 4.8 Dodging
 + Level 1.5 Stealth
   Level 1.3 Evocations


You had one spell level left.
You didn't know any spells.

Dungeon Overview and Level Annotations

Branches:
Dungeon (1/15)

Altars:


Innate Abilities, Weirdness & Mutations

You are very small and have problems with some larger weapons.
You are too small for most types of armour.
You have supernaturally acute eyesight. (SInv)
You are a herbivore.
You cover ground extremely quickly.
You need consume almost no food.


Message History

You hit the frilled lizard.
You kill the frilled lizard!
Your Bows skill increases to level 3!
You hear a bark!
A jackal comes into view.
The jackal bites you.
* * * LOW HITPOINT WARNING * * *
You hit the jackal.
The jackal is almost dead.
The jackal misses you. The jackal closely misses you.
You barely miss the jackal.
The jackal is almost dead.
The jackal completely misses you.
You barely miss the jackal.
The jackal is almost dead.
The jackal misses you.
You barely miss the jackal.
The jackal is almost dead.
The jackal bites you.
You die...

#.# #.## ###. #..# ##.)
.. #. ... #.## ##.. ##..
##.. #)# #... .. ##.##.#
##... .. #....# #....
#####..# #......(
##......#####.....##..(.
####..........?..###
#.... ..........@hh.....
..... ###..........#####
...... #............#
.##....
....%.......#...# ..
#.... ###.........###...
#........... ..#
#.........### .
#.........#


You could see 2 jackals.

Vanquished Creatures
  A giant cockroach (D:1)
  4 goblins (D:1)
  3 hobgoblins (D:1)
  3 kobolds (D:1)
  A bat (D:1)
  2 frilled lizards (D:1)
  2 rats (D:1)
16 creatures vanquished.

Notes
Turn   | Place    | Note
-------+----------+-------------------------------------------
     0 | D:1      | slep the Spriggan Wanderer began the quest for the Orb.
     0 | D:1      | slep set off with: a +2 shortbow, 27 arrows, a potion of curing, a potion of lignification, a +0 robe, a bread ration
     0 | D:1      | Reached XP level 1. HP: 11/11 MP: 3/3
   100 | D:1      | Reached XP level 2. HP: 16/16 MP: 4/4
   319 | D:1      | Slain by a jackal

Vault maps used:
D:1:      sevenhm_arrival_forest_fort_large_4

Skill      XL: |  1  2 |
---------------+-------+-----
Bows           | 3 |  3.0
Fighting       | |  2.7
Dodging        | |  4.8
Stealth        | |  1.5
Evocations     | |  1.3

Action                   || total
-------------------------++-------
Melee: Dagger            ||    19
 Fire: Shortbow          ||    34
Armor: Robe              ||     1
Dodge: Dodged            ||    27

Table legend:
 A = Spawn XP
 B = Non-spawn XP
 C = Spawn XP percentage of total XP
 D = Spawn monster count
 E = Non-spawn monster count
 F = Spawn count percentage of total count
 G = Total turns spent on level
                    A         B        C        D         E        F      G
               +---------+---------+-------+---------+---------+-------+---------
         Total |       0 |      26 |   0.0 |       0 |      16 |   0.0 |   319
               +---------+---------+-------+---------+---------+-------+---------
           D:1 |       0 |      26 |   0.0 |       0 |      16 |   0.0 |   319
               +---------+---------+-------+---------+---------+-------+---------
